 Dungeon Crawl Stone Soup version 0.31-a0-4-gefa6de2278 (webtiles) character file.

Game seed: 6916080573401042202

474 Dirtsage the Chopper (level 6, -1/47 HPs)
             Began as a Demonspawn Berserker on May 2, 2023.
             Was a Priest of Trog.
             Slain by a gnoll
             ... wielding a +1 spear of distortion
              (4 damage)
             ... on level 3 of the Dungeon on May 4, 2023.
             The game lasted 00:08:05 (3335 turns).

Dirtsage the Chopper (Demonspawn Berserker)         Turns: 3335, Time: 00:08:05

Health: -1/47      AC: 11    Str: 19    XL:     6   Next: 84%
Magic:  6/6        EV: 11    Int:  9    God:    Trog [***...]
Gold:   208        SH:  0    Dex: 21    Spells: 5/5 levels left

rFire   + + .        a - +0 hand axe
rCold   . . .        (no shield)
rNeg    . . .        u - +5 ring mail of Amorality {rPois rF+ Dex+3}
rPois   +            p - +0 helmet
rElec   .            (no cloak)
rCorr   .            (no gloves)
SInv    .            (no boots)
Will    .....        (no amulet)
Stlth   +            h - +6 ring of dexterity
HPRegen 0.27/turn    F - ring of protection from fire
MPRegen 0.10/turn

%: no passive effects
@: on berserk cooldown, slowed, very slow
A: foul stench 2
a: Renounce Religion, Berserk, Trog's Hand


You were on level 3 of the Dungeon.
You worshipped Trog.
Trog was most pleased with you.
You visited 1 branch of the dungeon, and saw 3 of its levels.
You also visited: Sewer.

You collected 208 gold pieces.

Inventory:

Hand Weapons
 a - a +0 hand axe (weapon)
Armour
 b - a +0 animal skin
 n - a +0 ring mail
 p - a +0 helmet (worn)
 u - the +5 ring mail of Amorality (worn) {rPois rF+ Dex+3}
   (You found it on level 3 of the Dungeon)

   Dex:       It affects your dexterity (+3).
   rF:        It protects you from fire.
   rPois:     It protects you from poison.
Jewellery
 h - a +6 ring of dexterity (left hand)
 F - a ring of protection from fire (right hand)
Scrolls
 d - 3 scrolls of fog {unknown}
 e - a scroll of teleportation {unknown}
 f - 2 scrolls of amnesia {unknown}
 g - 6 scrolls of identify {unknown}
 i - 2 scrolls of vulnerability {unknown}
 m - 2 scrolls of blinking {unknown}
 o - a scroll of acquirement {unknown}
 q - a scroll of torment {unknown}
 r - a scroll of enchant armour {unknown}
 t - a scroll of immolation {unknown}
 v - a scroll of poison {unknown}
 x - a scroll of fear {unknown}
 y - a scroll of brand weapon {unknown}
Potions
 c - 8 potions of curing {unknown}
 j - 4 potions of mutation {unknown}
 k - 2 potions of flight {unknown}
 l - a potion of cancellation {unknown}
 s - 2 potions of heal wounds {unknown}
 w - 2 potions of might {unknown}


   Skills:
 - Level 3.0 Fighting
 + Level 7.1 Axes
 - Level 1.7 Armour
 - Level 1.7 Dodging


You had 5 spell levels left.
You didn't know any spells.
Your spell library was empty.

Dungeon Overview and Level Annotations

Branches:
Dungeon (3/15)              Sewer (visited)

Altars:
Makhleb
Nemelex Xobeh

Shops:
D:3 [

Portals:
Abyss: D:3

Annotations:
D:3 1 transporter, bmj180's ghost, amateur DrFE


Innate Abilities, Weirdness & Mutations

You sometimes emit foul miasma when damaged in melee.


Message History

You slash the small abomination!
You destroy the small abomination!
Trog accepts your kill.
You are no longer berserk.
You are exhausted.
You feel yourself slow down.
The gnoll throws a boomerang of dispersal.
The boomerang of dispersal hits you.
You blink.
Your Axes skill increases to level 7!
You now have 20/47 hp.
The gnoll barely misses you. The gnoll closely misses you.
The gnoll hits you but does no damage. Space warps around you.
You take 5 damage, and have 15/47 hp.
You hit the gnoll but do no damage. The gnoll completely misses you.
You closely miss the gnoll. The gnoll hits you but does no damage.
Space warps around you.
* * * LOW HITPOINT WARNING * * *
You take 3 damage, and have 13/47 hp.
You hit the gnoll.
The gnoll is lightly wounded.
The gnoll closely misses you.
Bmj180's ghost ripples.
The gnoll closely misses you.
You barely miss the gnoll.
The gnoll is lightly wounded.
The gnoll hits you with a +1 spear of distortion.
* * * LOW HITPOINT WARNING * * *
You blink.
You take 3 damage, and have 11/47 hp.
The gnoll hits you from afar with a +1 spear of distortion.
* * * LOW HITPOINT WARNING * * *
Space warps around you.
* * * LOW HITPOINT WARNING * * *
You take 9 damage, and have 2/47 hp.
The gnoll hits you but does no damage.
You hit the gnoll. You punch the gnoll, but do no damage.
The gnoll is moderately wounded.
The gnoll hits you but does no damage. Space warps around you.
You die...

###.# #...# #####.# #..#.. #
#.# ###.# #.....# ###..... #
#.# #...######.#.#.#####....##.
# #.#
#.......................#.. #
#.# #.........................♣
# #.#
##.....###..###............ #
#.# #....##.####?##.###.......
# #.#
#....#...##...###.#....... #
#.# #...©#.##@.#....§(#...♣...
# #.#
#...##.##?g#^###W##...♣♣.. #
#.####..##..####x###..#....♣...
#
#.......###..#.##x#∩.##........
#
#####....##.##..#W..##.........
# #.....###..##...#.......... #
#..........#.#^.#.......... #
#.........##.#x.###.......♣ #
##....#####....^..#........


You could see 2 small abominations, bmj180's ghost and a gnoll.

Vanquished Creatures
  A small abomination (D:3)
  2 kobold brigands (Sewer)
  Jessica (D:3)
  10 adders
  A river rat (D:3)
  4 worms
  A dart slug (D:2)
  An orc (D:3)
  9 ball pythons
  7 endoplasms
  4 giant cockroaches
  4 goblins
  4 hobgoblins
  10 jackals (D:1)
  10 kobolds
  4 quokkas
  8 bats
  4 frilled lizards
  18 rats
103 creatures vanquished.

Vanquished Creatures (others)
  A plant (D:2)
1 creature vanquished.

Grand Total: 104 creatures vanquished

Notes
Turn   | Place    | Note
-------+----------+-------------------------------------------
     0 | D:1      | Dirtsage the Demonspawn Berserker began the quest for the
                  | Orb.
     0 | D:1      | Reached XP level 1. HP: 18/18 MP: 1/1
    58 | D:1      | Reached skill level 3 in Axes
   102 | D:1      | Gained mutation: You may rarely emit foul miasma when
                  | damaged in melee. [demonic ancestry]
   102 | D:1      | Reached XP level 2. HP: 4/24 MP: 2/2
   462 | D:1      | Reached XP level 3. HP: 18/29 MP: 3/3
   686 | D:1      | Found a faded altar of an unknown god.
   738 | D:1      | Reached ** piety under Trog
   971 | D:1      | Reached skill level 4 in Axes
  1328 | D:2      | Gained mutation: You sometimes emit foul miasma when
                  | damaged in melee. [demonic ancestry]
  1328 | D:2      | Reached XP level 4. HP: 27/35 MP: 4/4
  2030 | D:3      | Reached skill level 5 in Axes
  2040 | D:3      | Found a sparkling altar of Nemelex Xobeh.
  2067 | D:3      | Found a transporter.
  2067 | D:3      | Noticed a small abomination
  2076 | D:3      | Noticed Jessica
  2213 | D:3      | Killed Jessica
  2214 | D:3      | Reached XP level 5. HP: 41/41 MP: 5/5
  2289 | D:3      | Noticed a small abomination
  2290 | D:3      | Found a transporter.
  2297 | D:3      | Found a one-way gate to the infinite horrors of the Abyss.
  2297 | D:3      | Noticed a small abomination
  2297 | D:3      | Noticed bmj180's ghost (amateur DrFE)
  2303 | D:3      | Found a burning altar of Makhleb.
  2336 | D:3      | Found a glowing drain.
  2353 | D:3      | Identified the +5 ring mail of Amorality {rPois rF+ Dex+3}
  2382 | Sewer    | Entered a sewer
  2462 | Sewer    | Reached *** piety under Trog
  2472 | Sewer    | Reached skill level 6 in Axes
  2605 | Sewer    | Reached XP level 6. HP: 47/47 MP: 6/6
  3220 | D:3      | Found Paime's Armour Emporium.
  3231 | D:3      | Upgraded the game from 0.31-a0-1-g4198be8af4 to
                  | 0.31-a0-4-gefa6de2278
  3326 | D:3      | Killed a small abomination
  3327 | D:3      | Reached skill level 7 in Axes
  3333 | D:3      | HP: 2/47 [gnoll/+1 spear of distortion (5)]
  3335 | D:3      | Slain by a gnoll

Illustrated notes

Levels and vault maps discovered:
D:1:      dpeg_arrival_subterranean_lakeside_camping, layout_basic,
          serial_co_window_serial, co_window_paths_b, co_window_paths_b,
          co_window_corner_a, co_window_of_opportunity_a, co_window_paths_a,
          co_window_corner_b, co_window_2corner, co_window_corner_b,
          co_window_of_opportunity_c, co_window_of_opportunity_b,
          co_window_broadway_c, co_window_corner_cb,
          dreamdust_ecumenical_altar_statues
D:2:      layout_basic, serial_bayou_pond_a
D:3:      layout_loops_ring, nicolae_overflow_hidden_temple, bloody_makhleb,
          serial_shops, nicolae_lakefront_shop, gammafunk_ghost_abyssal_escape,
          portal_sewer_entry_b, mrwooster_statue_mirror, chequers_garden,
          chequers_serial_rivers_micro_c, kennysheep_decorative_pillar,
          kennysheep_generic_room_5, uniq_jessica

Skill      XL: |  1  2  3  4  5  6 |
---------------+-------------------+-----
Axes           | 3 4 5 6 7 |  7.1
Fighting       | |  3.0
Armour         | |  1.7
Dodging        | |  1.7

Action                     |  1- 3 |  4- 6 || total
---------------------------+-------+-------++-------
  Melee: Hand axe          |    95 |   204 ||   299
         Punch             |       |     1 ||     1
 Invoke: Berserk           |       |     3 ||     3
   Stab: Sleeping          |     2 |     1 ||     3
 Armour: Animal skin       |    16 |       ||    16
         Ring mail         |     4 |    80 ||    84
  Dodge: Dodged            |    86 |   106 ||   192

Table legend: (Time is in decaauts)
 A = Elapsed time spent in this place.
 B = Non-inter-level travel time spent in this place.
 C = Inter-level travel time spent in this place.
 D = Time resting spent in this place.
 E = Time spent auto-exploring this place.
 F = Levels seen in this place.
 G = Mean time per level.
                   A        B        C        D        E       F      G
               +--------+--------+--------+--------+--------+-----+--------+
         Total |   3442 |   3235 |    207 |     92 |   2240 |   4 |  860.5 |
       Dungeon |   2936 |   2729 |    207 |     92 |   1936 |   3 |  978.7 |
         Sewer |    506 |    506 |      0 |      0 |    304 |   1 |  506.0 |
               +--------+--------+--------+--------+--------+-----+--------+

Top non-repeatable levels by time:
     D:1: 1125 daAuts
     D:3: 909 daAuts
     D:2: 900 daAuts
   Sewer: 506 daAuts
